 Dungeon Crawl Stone Soup version 0.31-a0-949-g57150269e1 (webtiles) character file.

Game seed: 11103416687485730154

881 Maxmaps the Ruffian (level 8, -1/55 HPs)
             Began as an Octopode Shapeshifter on Oct 22, 2023.
             Was an Initiate of Gozag.
             Slain by a sky beast (6 damage)
             ... on level 5 of the Dungeon.
             The game lasted 00:06:20 (5231 turns).

Maxmaps the Ruffian (Octopode Shapeshifter)         Turns: 5231, Time: 00:06:22

Health: -1/55      AC:  1    Str: 13    XL:     8   Next: 5%
Magic:  8/8        EV: 13    Int: 15    God:    Gozag
Gold:   242        SH:  5    Dex: 11    Spells: 7/7 levels left

rFire   . .          .
                       - Unarmed
rCold   + . .        (no shield)
rNeg    . . .        (helmet currently unavailable)
rPois   .            k - amulet of reflection
rElec   .            f - ring of protection from cold
rCorr   .            (no ring)
SInv    .            (no ring)
Will    .....        (no ring)
Stlth   ++++         (no ring)
HPRegen 0.29/turn    (no ring)
MPRegen 0.11/turn    (no ring)
                     (no ring)

%: reflection
@: beast-form
A: beast (slay +2), almost no armour, amphibious, 8 rings, camouflage 1,
gelatinous body 1, (nimble swimmer 1), tentacles
a: Begin Untransformation, Renounce Religion, Potion Petition, Call Merchant,
Bribe Branch


You were on level 5 of the Dungeon.
You worshipped Gozag.
Gozag was aware of your devotion.
You were a hulking beast.
You visited 2 branches of the dungeon, and saw 6 of its levels.
You also visited: Sewer.

You collected 313 gold pieces.
You paid 71 gold pieces to Gozag.

Inventory:

Armour
 l - an orb of guile
Jewellery
 f - a ring of protection from cold (left tentacle)
 k - an amulet of reflection (around mantle)
Talismans
 b - a beast talisman (active)
 c - a flux talisman
Wands
 s - a wand of roots (7)
Scrolls
 d - a scroll of vulnerability {unknown}
 h - a scroll of identify
 j - a scroll of amnesia
 o - a scroll of blinking
 q - 2 scrolls of fear
Potions
 a - a potion of brilliance {unknown}
 e - 2 potions of ambrosia
 g - a potion of berserk rage {unknown}
 i - a potion of invisibility {unknown}
 m - 2 potions of mutation
 n - a potion of resistance {unknown}
 p - a potion of haste
 r - a potion of magic {unknown}


   Skills:
 - Level 5.1 Fighting
 + Level 2.0 Dodging
 - Level 5.1 Stealth
 - Level 5.1 Unarmed Combat
 - Level 5.0 Shapeshifting


You had 7 spell levels left.
You didn't know any spells.
Your spell library contained the following spells:

 Spells                   Type           Power      Damage    Failure   Level
 Apportation              Tloc           0%         N/A       26%         1
 Necrotise                Necr           0%         1d4       26%         1
 Summon Small Mammal      Summ           0%         N/A       26%         1
 Wereblood                Tmut           0%         N/A       38%         2
 Gell's Gravitas          Tloc           0%         N/A       63%         3
 Inner Flame              Hex/Fire       0%         N/A       63%         3
 Teleport Other           Tloc           0%         N/A       63%         3
 Irradiate                Conj/Tmut      0%         3d11      100%        5
 Yara's Violent Unravell  Hex/Tmut       0%         3d3       100%        5
 Dispersal                Tloc           0%         N/A       100%        6
 Enfeeble                 Hex            0%         N/A       100%        7


Dungeon Overview and Level Annotations

Branches:
Dungeon (5/15)             Temple (1/1) D:5           Sewer (visited)

Altars:
Ashenzari
Elyvilon
Gozag
Hepliaklqana
Kikubaaqudgha
Makhleb
Nemelex Xobeh
Okawaru
Qazlal
Ru
Trog
Uskayaw
Vehumet
Xom
Yredelemnul
Zin
The Shining One

Shops:
D:3 :

Annotations:
D:5 1 runed translucent door, Crazy Yiuf


Innate Abilities, Weirdness & Mutations

You are a hulking beast.
Your limbs bulge with bestial killing power. (Slay +2)
You cannot wear most types of armour.
You are amphibious.
You can wear up to eight rings at the same time.
Your skin changes colour to match your surroundings (Stealth+).
Your rubbery body absorbs attacks. (AC +1, EV +1)
((You are camouflaged when in or above water. (Stealth+)))
You have tentacles for arms and can constrict up to eight enemies at once.


Message History

You are too injured to fight recklessly!
You are too injured to fight recklessly!
You are too injured to fight recklessly!
You are too injured to fight recklessly!
You are too injured to fight recklessly!
You are too injured to fight recklessly!
You are too injured to fight recklessly!
You are too injured to fight recklessly!
You are too injured to fight recklessly!
You are too injured to fight recklessly!
You are too injured to fight recklessly!
You are too injured to fight recklessly!
You are too injured to fight recklessly!
You are too injured to fight recklessly!
You are too injured to fight recklessly!
You barely miss the sky beast. You squeeze the sky beast!
The sky beast is severely wounded.
The sky beast hits you. The sky beast shocks you.
* * * LOW HITPOINT WARNING * * *
You closely miss the sky beast.
The sky beast is severely wounded.
The sky beast hits you.
* * * LOW HITPOINT WARNING * * *
The sky beast shocks you.
* * * LOW HITPOINT WARNING * * *
You barely miss the sky beast. Your squeeze misses the sky beast.
The sky beast is severely wounded.
You block the sky beast's attack.
You closely miss the sky beast. Your squeeze misses the sky beast.
The sky beast is severely wounded.
The sky beast closely misses you.
You tentacle-slap the sky beast.
Your tentacle-slap misses the sky beast.
Your squeeze misses the sky beast.
The sky beast is almost dead.
The sky beast hits you.
* * * LOW HITPOINT WARNING * * *
The sky beast shocks you.
You die...
Your body crumbles into a pile of gold.

##### #...# # #
#####...# # .........###
# .##.###.....# ###
..........#'#### #..
.#.#..h.......#######.#
#...#Y.....)...........
#$..[.#..#.>....####....
..._....##......####....
#.....#.##.........#....
.#...#..+.....####.#....
..#. ...#####....#......
.... ...# #....##.....
#. #....#####'#


You could see a sky beast.

Vanquished Creatures
  An ogre (D:5)
  2 kobold brigands (Sewer)
  Blork the orc (D:5)
  A jelly (D:3)
  An orc priest (D:5)
  A hound (D:5)
  A gnoll bouda (D:5)
  A sleepcap (D:5)
  An iguana (D:5)
  3 orc wizards
  Robin (D:2)
  4 adders
  12 gnolls
  3 river rats (Sewer)
  A white imp (D:5)
  5 worms
  A dart slug (D:1)
  12 orcs
  2 bats
  6 endoplasms
  5 giant cockroaches
  12 goblins
  8 hobgoblins
  11 jackals
  3 quokkas
  9 ball pythons
  4 frilled lizards
  12 kobolds
  5 rats
129 creatures vanquished.

Notes
Turn   | Place    | Note
-------+----------+-------------------------------------------
     0 | D:1      | Maxmaps the Octopode Shapeshifter began the quest for the
                  | Orb.
     0 | D:1      | Reached XP level 1. HP: 13/13 MP: 1/1
   249 | D:1      | Reached XP level 2. HP: 17/19 MP: 2/2
   838 | D:2      | Noticed Robin
   848 | D:2      | Killed Robin
   849 | D:2      | Reached XP level 3. HP: 5/26 MP: 3/3
  1174 | D:2      | Reached XP level 4. HP: 31/31 MP: 4/4
  1953 | D:3      | Reached XP level 5. HP: 33/36 MP: 5/5
  2005 | D:3      | Found an iron altar of Okawaru.
  2124 | D:3      | Found Ifig's Book Shop.
  2726 | D:4      | Found a glowing drain.
  2730 | Sewer    | Entered a sewer
  2764 | Sewer    | Reached skill level 5 in Unarmed Combat
  2978 | Sewer    | Reached XP level 6. HP: 38/42 MP: 6/6
  3835 | D:4      | Reached skill level 5 in Shapeshifting
  4103 | D:5      | Entered Level 5 of the Dungeon
  4142 | D:5      | Reached XP level 7. HP: 40/47 MP: 7/7
  4348 | D:5      | Noticed Blork the orc
  4356 | D:5      | Killed Blork the orc
  4365 | D:5      | Found a staircase to the Ecumenical Temple.
  4385 | D:5      | Reached skill level 5 in Fighting
  4495 | Temple   | Found a transporter.
  4495 | Temple   | Found a transporter.
  4495 | Temple   | Found a transporter.
  4495 | Temple   | Found a transporter.
  4495 | Temple   | Entered the Ecumenical Temple
  4515 | Temple   | Became a worshipper of Gozag Ym Sagoz the Greedy
  4580 | D:5      | Found a glowing silver altar of Zin.
  4871 | D:5      | Reached XP level 8. HP: 38/55 MP: 8/8
  4992 | D:5      | Reached skill level 5 in Stealth
  5011 | D:5      | Found a runed translucent door.
  5012 | D:5      | Noticed Crazy Yiuf
  5099 | D:5      | Found a radiant altar of Vehumet.
  5215 | D:5      | Found a stormy altar of Qazlal.
  5231 | D:5      | Slain by a sky beast

Illustrated notes

Levels and vault maps discovered:
D:1:      dpeg_arrival_circle_labyrinth_c, layout_rooms, minmay_misc_feat_square
D:2:      minmay_alternating_diamond, layout_loops_ring, uniq_robin
D:3:      layout_loops_ring, kennysheep_okawaru_gauntlet, serial_shops,
          nicolae_shop_pleasant_corner_grove, kennysheep_pointless_box
D:4:      layout_gridville, gup_sewer_entry_bowl
D:5:      layout_basic, zin_academy, marbit_many_paths,
          nicolae_qazlal_beasts_of_the_sky, minmay_temple_entry_mist,
          uniq_blork_the_orc, uniq_crazy_yiuf_cottage
Temple:   hellmonk_temple_divided_pantheon

Skill      XL: |  1  2  3  4  5  6  7  8 |
---------------+-------------------------+-----
Fighting       | 2 3 5 |  5.1
Unarmed Combat | 4 5 |  5.1
Shapeshifting  | 5 |  5.0
Stealth        | 4 5 |  5.1
Dodging        | |  2.0

Action                     |  1- 3 |  4- 6 |  7- 9 || total
---------------------------+-------+-------+-------++-------
  Melee: Unarmed           |    63 |   148 |    84 ||   295
         Constrict         |    13 |    52 |    22 ||    87
         Tentacles         |     8 |    28 |    24 ||    60
         Punch             |     2 |     7 |     3 ||    12
    Use: Potion            |     1 |       |     2 ||     3
         Scroll            |       |    10 |     3 ||    13
   Stab: Sleeping          |     3 |     6 |     2 ||    11
         Distracted        |       |     1 |       ||     1
 Armour: Skin              |    55 |    59 |    28 ||   142
  Dodge: Dodged            |    24 |    83 |    26 ||   133
  Block: Other             |       |     3 |    13 ||    16

Table legend: (Time is in decaauts)
 A = Elapsed time spent in this place.
 B = Non-inter-level travel time spent in this place.
 C = Inter-level travel time spent in this place.
 D = Time resting spent in this place.
 E = Time spent auto-exploring this place.
 F = Levels seen in this place.
 G = Mean time per level.
                   A        B        C        D        E       F      G
               +--------+--------+--------+--------+--------+-----+--------+
         Total |   5190 |   4946 |    244 |    737 |   3378 |   7 |  741.4 |
       Dungeon |   4356 |   4144 |    212 |    573 |   2931 |   5 |  871.2 |
        Temple |     49 |     17 |     32 |      0 |      0 |   1 |   49.0 |
         Sewer |    784 |    784 |      0 |    164 |    447 |   1 |  784.0 |
               +--------+--------+--------+--------+--------+-----+--------+

Top non-repeatable levels by time:
     D:5: 1054 daAuts
     D:2: 997 daAuts
     D:3: 894 daAuts
   Sewer: 784 daAuts
     D:1: 762 daAuts
     D:4: 647 daAuts
  Temple: 49 daAuts
